 Dungeon Crawl Stone Soup version 0.26-a0-850-g97a50ab700 (webtiles) character file.

Game seed: 11239006215328254589

114 robertstho the Chiller (level 4, -2/32 HPs)
             Began as a Gnoll Ice Elementalist on Nov 20, 2020.
             Killed by nerve-wracking pain
             ... invoked by Grinder
              (6 damage)
             ... while paralysed by Grinder
             ... on level 3 of the Dungeon.
             The game lasted 00:06:23 (2479 turns).

robertstho the Chiller (Gnoll Ice Elementalist)     Turns: 2479, Time: 00:06:24

Health: -2/32      AC:  2    Str: 10    XL:     4   Next: 97%
Magic:  6/11       EV:  2    Int: 18    God:
Gold:   69         SH:  0    Dex: 16    Spells: 9/13 levels left

rFire    . . .     SeeInvis .   i - +0 dagger
rCold    . . .     Faith    .   (no shield)
rNeg     . . .     Spirit   .   a - +0 robe
rPois    .         Reflect  .   (no helmet)
rElec    .         Harm     .   (no cloak)
rCorr    .         Rampage  .   (no gloves)
MR       .....                  (no boots)
Stlth    +++.......             (no amulet)
HPRegen  0.10/turn              (no ring)
MPRegen  0.12/turn              (no ring)

@: paralysed
A: distributed training, fangs 1, strong nose
a: no special abilities


You were on level 3 of the Dungeon.
You visited 1 branch of the dungeon, and saw 3 of its levels.

You collected 69 gold pieces.

Inventory:

Hand Weapons
 i - a +0 dagger (weapon)
Armour
 a - a +0 robe (worn)
Scrolls
 b - 3 scrolls of identify {unknown}
 c - a scroll of remove curse {unknown}
 e - 4 scrolls of teleportation {unknown}
 f - 3 scrolls of enchant armour {unknown}
 j - a scroll of blinking {unknown}
 o - 2 scrolls of fear {unknown}
 p - a scroll of noise {unknown}
 q - a scroll of amnesia {unknown}
Potions
 d - 2 potions of heal wounds {unknown}
 g - a potion of magic {unknown}
 h - a potion of lignification {unknown}
 k - 2 potions of curing {unknown}
 l - a potion of mutation {unknown}
 m - a potion of degeneration {unknown}
 n - a potion of invisibility {unknown}
 r - a potion of might {unknown}


   Skills:
 + Level 1.3 Fighting
 + Level 1.3 Short Blades
 + Level 1.3 Long Blades
 + Level 1.3 Axes
 + Level 1.3 Maces & Flails
 + Level 1.3 Polearms
 + Level 1.3 Staves
 + Level 1.3 Slings
 + Level 1.3 Bows
 + Level 1.3 Crossbows
 + Level 1.3 Throwing
 + Level 1.3 Armour
 + Level 4.7 Dodging
 + Level 4.3 Stealth
 + Level 1.3 Shields
 + Level 1.3 Unarmed Combat
 + Level 5.1 Spellcasting
 + Level 1.0 Conjurations
 + Level 1.0 Hexes
 + Level 1.0 Summonings
 + Level 1.0 Necromancy
 + Level 1.0 Translocations
 + Level 1.0 Transmutations
 + Level 1.0 Fire Magic
 + Level 7.1 Ice Magic
 + Level 1.0 Air Magic
 + Level 1.0 Earth Magic
 + Level 1.0 Poison Magic
 + Level 1.4 Invocations
 + Level 1.3 Evocations


You had 9 spell levels left.
You knew the following spells:

 Your Spells              Type           Power        Failure   Level
a - Freeze                Ice            ####         1%          1
b - Frozen Ramparts       Ice            ####..       1%          3

Your spell library contained the following spells:

 Spells                   Type           Power        Failure   Level
 Ozocubu's Armour         Ice            ####....     1%          3
 Hailstorm                Conj/Ice       ###.....     24%         4
 Summon Ice Beast         Ice/Summ       ###.....     24%         4


Dungeon Overview and Level Annotations

Branches:
Dungeon (3/15)

Altars:
Uskayaw

Annotations:
D:3 Grinder


Innate Abilities, Weirdness & Mutations

Your experience applies equally to all skills.
You have very sharp teeth.
Your uncanny sense of smell can sniff out nearby items.


Message History

Press: ? - help, Shift-Dir - straight line, f/p - Grinder
Aim: Grinder (lightly wounded, fast) Grinder resists.
You freeze Grinder.
Grinder is lightly wounded.
Grinder gestures at you.
You suddenly lose the ability to move!
Grinder hits you.
You writhe in agony.
Grinder hits you!
You writhe in agony.
Grinder gestures at you.
You shrug off the repeated paralysis!
Grinder hits you.
You writhe in agony.
* * * LOW HITPOINT WARNING * * *
The frozen ramparts melt away.
Grinder gestures at you. Pain shoots through your body!
* * * LOW HITPOINT WARNING * * *
Grinder blinks!
Grinder says, "I used to sell toenails on the black market."
Grinder says, "Mostly I couldn't keep them alive."
Grinder gestures at you. Pain shoots through your body!
You die...

#.................#.####
#......)......†...).....
#....#.#..........#.####
#....#.#.......)..#.#
#....#.#..........#.#
###.##.#..........#.####
#.##†#........).#.....
#.##.############.....
###>...@................
#.....5...#########.###.
#.........#######...#
#...................#
#.........#######...#
#.........# #....†
#.........# #..... ∆
########### #......
#......


You could see Grinder (fast).

Vanquished Creatures
  4 adders
  3 worms
  A dart slug (D:1)
  3 leopard geckos
  An orc (D:3)
  10 bats
  A giant cockroach (D:1)
  5 goblins
  6 hobgoblins
  6 jackals
  9 kobolds
  2 quokkas (D:2)
  A ball python (D:2)
  7 frilled lizards
  3 rats
62 creatures vanquished.

Notes
Turn   | Place    | Note
-------+----------+-------------------------------------------
     0 | D:1      | robertstho the Gnoll Ice Elementalist began the quest for
                  | the Orb.
     0 | D:1      | Reached XP level 1. HP: 13/13 MP: 6/6
   232 | D:1      | Reached XP level 2. HP: 19/19 MP: 5/7
   605 | D:1      | Reached XP level 3. HP: 25/25 MP: 7/9
   722 | D:1      | Reached skill level 5 in Spellcasting
  1025 | D:2      | Reached skill level 1 in Invocations
  1171 | D:2      | Reached skill level 1 in Fighting
  1171 | D:2      | Reached skill level 1 in Short Blades
  1171 | D:2      | Reached skill level 1 in Long Blades
  1171 | D:2      | Reached skill level 1 in Axes
  1171 | D:2      | Reached skill level 1 in Maces & Flails
  1171 | D:2      | Reached skill level 1 in Polearms
  1171 | D:2      | Reached skill level 1 in Staves
  1171 | D:2      | Reached skill level 1 in Slings
  1171 | D:2      | Reached skill level 1 in Bows
  1171 | D:2      | Reached skill level 1 in Crossbows
  1171 | D:2      | Reached skill level 1 in Throwing
  1171 | D:2      | Reached skill level 1 in Armour
  1171 | D:2      | Reached skill level 1 in Shields
  1171 | D:2      | Reached skill level 1 in Unarmed Combat
  1171 | D:2      | Reached skill level 1 in Evocations
  1202 | D:2      | Found a faded altar of an unknown god.
  1214 | D:2      | Reached XP level 4. HP: 22/32 MP: 2/11
  1415 | D:2      | Found a hide-covered altar of Uskayaw.
  1778 | D:2      | Learned a level 3 spell: Frozen Ramparts
  2120 | D:2      | Reached skill level 1 in Conjurations
  2120 | D:2      | Reached skill level 1 in Hexes
  2120 | D:2      | Reached skill level 1 in Summonings
  2120 | D:2      | Reached skill level 1 in Necromancy
  2120 | D:2      | Reached skill level 1 in Translocations
  2120 | D:2      | Reached skill level 1 in Transmutations
  2120 | D:2      | Reached skill level 1 in Fire Magic
  2120 | D:2      | Reached skill level 1 in Air Magic
  2120 | D:2      | Reached skill level 1 in Earth Magic
  2120 | D:2      | Reached skill level 1 in Poison Magic
  2451 | D:3      | Noticed Grinder
  2473 | D:3      | Paralysed by Grinder for 7 turns
  2479 | D:3      | Killed from afar by Grinder

Illustrated notes

Levels and vault maps discovered:
D:1:      tarquinn_simple_flora_water_c, layout_loops_ring, kennysheep_doodads
D:2:      layout_basic, lemuel_doored_altar, chequers_ecumenical_altar_simple
D:3:      layout_basic, uniq_grinder, uniq_jessica, uniq_terence

Skill      XL: |  1  2  3  4 |
---------------+-------------+-----
Spellcasting   | 5 |  5.1
Invocations    | 1 |  1.4
Fighting       | 1 |  1.3
Short Blades   | 1 |  1.3
Long Blades    | 1 |  1.3
Axes           | 1 |  1.3
Maces & Flails | 1 |  1.3
Polearms       | 1 |  1.3
Staves         | 1 |  1.3
Slings         | 1 |  1.3
Bows           | 1 |  1.3
Crossbows      | 1 |  1.3
Throwing       | 1 |  1.3
Armour         | 1 |  1.3
Shields        | 1 |  1.3
Unarmed Combat | 1 |  1.3
Evocations     | 1 |  1.3
Conjurations   | 1 |  1.0
Hexes          | 1 |  1.0
Summonings     | 1 |  1.0
Necromancy     | 1 |  1.0
Translocations | 1 |  1.0
Transmutations | 1 |  1.0
Fire Magic     | 1 |  1.0
Air Magic      | 1 |  1.0
Earth Magic    | 1 |  1.0
Poison Magic   | 1 |  1.0
Dodging        | |  4.7
Stealth        | |  4.3
Ice Magic      | |  7.1

Action                   |  1- 3 |  4- 6 || total
-------------------------+-------+-------++-------
Melee: Unarmed           |     1 |       ||     1
       Dagger            |     8 |    33 ||    41
       Bite              |       |     2 ||     2
 Cast: Freeze            |    42 |    19 ||    61
       Frozen Ramparts   |       |     7 ||     7
 Stab: Sleeping          |     1 |     6 ||     7
Armor: Robe              |    12 |     4 ||    16
Dodge: Dodged            |    27 |    33 ||    60

Table legend: (Time is in decaauts)
 A = Elapsed time spent in this place.
 B = Non-inter-level travel time spent in this place.
 C = Inter-level travel time spent in this place.
 D = Time resting spent in this place.
 E = Time spent auto-exploring this place.
 F = Levels seen in this place.
 G = Mean time per level.
                   A        B        C        D        E       F      G
               +--------+--------+--------+--------+--------+-----+--------+
         Total |   2478 |   2412 |     66 |      0 |   1986 |   3 |  826.0 |
       Dungeon |   2478 |   2412 |     66 |      0 |   1986 |   3 |  826.0 |
               +--------+--------+--------+--------+--------+-----+--------+

Top non-repeatable levels by time:
     D:2: 1241 daAuts
     D:1: 1001 daAuts
     D:3: 235 daAuts
